 Dungeon Crawl Stone Soup version 0.27.1-15-g792fb953b9 (webtiles) character file.

Game seed: 6820292443986979867

12 croobank the Scratcher (level 2, 0/12 HPs)
             Began as a Felid Transmuter on Nov 19, 2021.
             Was a Priest of Uskayaw.
             Killed from afar by a dart slug (5 damage)
             ... with a slug dart
             ... on level 1 of the Dungeon.
             The game lasted 00:03:44 (210 turns).

croobank the Scratcher (Felid Transmuter)            Turns: 210, Time: 00:03:44

Health: 0/12       AC:  1    Str:  6    XL:     2   Next: 20%
Magic:  1/6        EV: 17    Int: 14    God:    Uskayaw [***...]
Gold:   0          SH:  0    Dex: 16    Spells: 4/5 levels left
                                        Lives:  0   Deaths: 0

rFire    . . .     SeeInvis +     - Unarmed
rCold    . . .     Faith    .   (shield unavailable)
rNeg     . . .     Spirit   .   (armour unavailable)
rPois    .         Reflect  .   (helmet unavailable)
rElec    .         Harm     .   (cloak unavailable)
rCorr    .         Rampage  .   (gloves unavailable)
Will     .....                  (boots unavailable)
Stlth    +.........             (no amulet)
HPRegen  0.04/turn              (no ring)
MPRegen  0.10/turn              (no ring)

@: quick
A: very small, claws 1, fangs 3, see invisible, speed 1, shaggy fur 1, stealthy
paws, no weapons or thrown items, no armour, multi-lived
a: Renounce Religion, Stomp, Line Pass


You were on level 1 of the Dungeon.
You worshipped Uskayaw.
Uskayaw was noncommittal.
You visited 1 branch of the dungeon, and saw 1 of its levels.

Inventory:

Missiles
 a - 20 stones
Potions
 b - a potion of haste {unknown}


   Skills:
 + Level 1.0 Fighting
 + Level 2.8 Dodging
 + Level 3.3 Unarmed Combat
 + Level 2.2 Spellcasting
 + Level 2.4 Transmutations


You had 4 spell levels left.
You knew the following spells:

 Your Spells              Type           Power      Damage    Failure   Level
a - Beastly Appendage     Tmut           16%        N/A       9%          1

Your spell library contained the following spells:

 Spells                   Type           Power      Damage    Failure   Level
 Wereblood                Tmut           8%         N/A       13%         2
 Spider Form              Tmut/Pois      2%         N/A       38%         3
 Ice Form                 Ice/Tmut       4%         N/A       80%         4


Dungeon Overview and Level Annotations

Branches:
Dungeon (1/15)

Altars:
Uskayaw


Innate Abilities, Weirdness & Mutations

You have sharp claws.
You have razor-sharp teeth.
You have supernaturally acute eyesight. (SInv)
You cover ground quickly. (Speed+)
You are covered in fur. (AC +1)
Your paws help you pounce on unaware monsters.
You are incapable of wielding weapons or throwing items.
You cannot wear armour.
You gain extra lives every three experience levels.


Message History

You scratch the jackal but do no damage.
The jackal bites you.
Your magical contamination has completely faded away.
You barely miss the jackal. The jackal misses you.
You scratch the jackal.
The jackal is severely wounded.
The jackal barely misses you.
You scratch the jackal.
You kill the jackal!
You can now pass through a line of other dancers.
You closely miss the jackal.
The jackal is heavily wounded.
The jackal closely misses you.
You scratch the jackal.
You kill the jackal!
The bat completely misses you.
You barely miss the jackal. The jackal completely misses you.
You scratch the jackal.
The jackal is almost dead.
The jackal misses you.
Uskayaw will force your foes to helplessly watch your dance.
Uskayaw prepares the audience for your solo!
You pounce on the unaware helpless jackal!
You scratch the jackal.
You kill the jackal!
The dart slug is no longer paralysed.
The bat is no longer paralysed.
The bat closely misses you.
You scratch the dart slug.
You bite the dart slug, but do no damage.
The dart slug is severely wounded.
You scratch the dart slug.
The dart slug is almost dead.
The dart slug launches a dart at you. The slug dart hits you.
You scratch the dart slug but do no damage.
You bite the dart slug, but do no damage.
The dart slug is almost dead.
The dart slug launches a dart at you. The slug dart hits you.
You die...

# #. ## ##.###.
...... ### #....
..# ###....##.###
.
...b...b...>###.#
#w#.......
#@#....... #.#..#
#.. #....# #.#
####.# #.# . #.#
#.# #..####.###.#
###.......##)#
....#........# #
. .....##..#..#


You could see a dart slug and a bat.

Vanquished Creatures
  A ball python (D:1)
  An endoplasm (D:1)
  A hobgoblin (D:1)
  4 jackals (D:1)
  A quokka (D:1)
  A bat (D:1)
  A kobold (D:1)
10 creatures vanquished.

Notes
Turn   | Place    | Note
-------+----------+-------------------------------------------
     0 | D:1      | croobank the Felid Transmuter began the quest for the Orb.
     0 | D:1      | Reached XP level 1. HP: 9/9 MP: 4/4
    35 | D:1      | Found a faded altar of an unknown god.
    52 | D:1      | Became a worshipper of Uskayaw the Reveller
    52 | D:1      | Reached * piety under Uskayaw
   198 | D:1      | Reached XP level 2. HP: 9/12 MP: 0/6
   202 | D:1      | Reached ** piety under Uskayaw
   206 | D:1      | Reached *** piety under Uskayaw
   210 | D:1      | Killed from afar by a dart slug

Illustrated notes

Levels and vault maps discovered:
D:1:      scummos_arrival_star, layout_basic, hellmonk_ecumenical_altar_run_dry

Action                   || total
-------------------------++-------
Melee: Unarmed           ||    30
       Headbutt          ||     3
       Bite              ||     4
 Cast: Beastly Appendage ||     4
Invok: Stomp             ||     1
 Stab: Paralysed         ||     1
Armor: Skin              ||     4
Dodge: Dodged            ||    24
